Cogmind - Beta 10.1 @@@ ROGUE MODE // 2020.09.28 @ 05:29:02 Player: Alexis Result: Destroyed by G-47 Trooper with Particle Gun Performance ------------- Evolutions (2) 1000 Regions Visited (5) 1000 Robots Destroyed (52) 260 Value Destroyed (1499) 1499 Prototype IDs (3) 60 Alien Tech Used (0) 0 Bonus (-449) -449 TOTAL SCORE: 3370 Bonus ------- Friendly Fire -449 Cogmind --------- Core Integrity 0/550 Matter 180/300 Energy 100/100 System Corruption 2% Temperature Cool (18) Movement Core (50) Location -8/Materials Parts ------- > --- POWER (2) -------- (None) > --- PROPULSION (3) --- (None) > --- UTILITY (3) ------ (None) > --- WEAPON (3) ------- (None) > --- INVENTORY (4) ---- Ion Engine Advanced Sensor Array Peak State ------------ > --- POWER ------------ Ion Engine Light Deuterium Engine > --- PROPULSION ------- Advanced Treads Aluminum Leg Aluminum Leg > --- UTILITY ---------- Small Storage Unit Advanced Sensor Array Sensor Drone Bay > --- WEAPON ----------- Guided EMP Blaster Rocket Launcher > --- INVENTORY -------- Sensor Array Sensor Array [Rating: 35] Favorites ----------- Power Light Nuclear Core Engine Ion Engine Power Core Light Nuclear Core Propulsion Aluminum Leg Treads Advanced Treads Leg Aluminum Leg Utility Small Storage Unit Device Sensor Drone Bay Storage Small Storage Unit Weapon Particle Gun Energy Gun Particle Gun Ballistic Gun Heavy Battle Rifle Launcher Rocket Launcher Build | -11 -10 -10 -9 -9 -8 ------- Run | Scr Mat Min Mat Sto Mat Slots Evolved 4 | . . . 2 . 2 Power 1 | . . . . . 1 Propulsion 1 | . . . 1 . . Utility 1 | . . . 1 . . Weapon 1 | . . . . . 1 Parts Attached 35 | 6 6 5 1 10 7 Power 7 | 1 1 1 . 1 3 Engine 6 | 1 1 . . 1 3 Core 1 | . . 1 . . . Reactor . | . . . . . . Propulsion 10 | 2 2 1 . 4 1 Treads 3 | 2 . . . . 1 Leg 7 | . 2 1 . 4 . Wheel . | . . . . . . Hover . | . . . . . . Flight . | . . . . . . Utility 6 | 1 2 1 1 . 1 Device 4 | . 2 1 . . 1 Storage 2 | 1 . . 1 . . Processor . | . . . . . . Hackware . | . . . . . . Protection . | . . . . . . Artifact . | . . . . . . Weapon 12 | 2 1 2 . 5 2 Energy Gun 6 | 2 1 1 . 2 . Energy Cannon . | . . . . . . Ballistic Gun 1 | . . 1 . . . Ballistic Cannon . | . . . . . . Launcher 5 | . . . . 3 2 Special Weapon . | . . . . . . Impact Weapon . | . . . . . . Slashing Weapon . | . . . . . . Piercing Weapon . | . . . . . . Special Melee Weapon . | . . . . . . Unidentified Prototypes 3 | . . 1 . 1 1 Parts Lost 19 | . 2 . . 4 13 Power 4 | . . . . 1 3 Propulsion 5 | . 1 . . . 4 Utility 3 | . . . . . 3 Weapon 7 | . 1 . . 3 3 Highest Loss Streak 7 | . 2 . . 2 7 Average Slot Usage (%) 88 | . 96 100 88 93 70 Engine 7 | . 14 . . 1 16 Core 6 | . . 13 11 9 . Treads 3 | . 11 . . . 7 Leg 22 | . 16 28 22 28 13 Device 19 | . 12 20 22 22 17 Storage 9 | . 14 7 11 11 8 Energy Gun 10 | . 26 15 11 11 . Ballistic Gun 4 | . . 12 11 5 . Launcher 2 | . . . . 2 6 Naked Turns 7 | . . . . . 7 Heaviest Build 43 | 13 14 27 31 34 43 Greatest Support 40 | 40 40 20 20 30 30 Greatest Overweight (x) 4 | . . 1 1 1 4 Average Overweight (x) . | . . . 1 . . Largest Inventory Capacity 6 | 6 6 6 6 6 6 Average Capacity 5 | 5 6 5 6 6 5 Most Carried 6 | 4 6 6 4 6 3 Average Carried 3 | 2 5 5 3 4 1 Final Capacity 6 | 6 6 4 6 6 4 Final Carried 6 | 4 6 4 4 4 2 Class Distribution -------------------- 83% | Mutant 16% | Scavenger-Mutant Dominant Class ---------------- Mutant | -10/Materials Mutant | -10/Mines Mutant | -9/Materials Mutant | -9/Storage Mutant | -8/Materials Resources | -11 -10 -10 -9 -9 -8 ----------- Run | Scr Mat Min Mat Sto Mat Matter Collected 741 | 171 139 47 . 311 73 Remotely . | . . . . . . Salvage Created 1554 | . 415 141 . 729 269 Parts 108 | . 28 11 . 51 18 Haulers Intercepted . | . . . . . . Recyclers Shooed 1 | . . . . 1 . Parts Field Recycled . | . . . . . . Retrieved Matter . | . . . . . . Parts Self-Destructed . | . . . . . . Prevented . | . . . . . . Kills | -11 -10 -10 -9 -9 -8 ------- Run | Scr Mat Min Mat Sto Mat Combat Hostiles Destroyed 40 | . 9 5 . 17 9 Guns 23 | . 7 4 . 12 . AOE 17 | . 2 1 . 5 9 Classes Destroyed 9 | . 4 . . 4 1 Worker 5 | . . . . 3 2 Recycler 3 | . 1 . . 2 . Operator 1 | . 1 . . . . Drone 2 | . . . . 2 . Watcher 1 | . . . . . 1 Swarmer 11 | . 3 2 . 3 3 Grunt 19 | . 6 3 . 8 2 Duelist 2 | . . . . 1 1 Sentry 8 | . . . . 5 3 Best Kill Streak 6 | . 6 2 . 5 5 Combat Bots Only 5 | . 5 2 . 4 3 Max Kills in Single Turn 3 | . 3 1 . 3 2 Gunslinging 1 | . 1 . . . . Exploded 2 | . 2 1 . 2 2 Melee . | . . . . . . Uniques/NPCs Destroyed . | . . . . . . Combat | -11 -10 -10 -9 -9 -8 -------- Run | Scr Mat Min Mat Sto Mat Damage Taken 3005 | . 328 326 . 655 1696 Core 727 | . 25 31 . 112 559 Absorbed by Shields . | . . . . . . Core Remaining (%) 83 | 100 . 77 . 72 . Volleys Fired 107 | . 16 18 . 55 18 Largest 2 | . 2 2 . 2 1 Hottest 101 | . 80 98 . 101 50 Shots Fired 171 | . 27 36 . 90 18 Gun 144 | . 27 36 . 81 . Cannon . | . . . . . . Launcher 27 | . . . . 9 18 Special . | . . . . . . Kinetic 35 | . . 14 . 21 . Thermal 50 | . . 14 . 36 . Explosive 23 | . . . . 8 15 Electromagnetic 63 | . 27 8 . 25 3 Robot Hit Streak 19 | . 5 5 . 10 19 Robot Miss Streak 4 | . 2 3 . 4 1 Penetration Max . | . . . . . . Secondary Targets 3 | . 2 . . 1 . Max Gunslinging Chain 1 | . 1 . . 1 . Shots Hit Robots 111 | . 18 20 . 61 12 Core Hits 82 | . 17 7 . 34 24 Critical Hits 1 | . . . . 1 . Critical Kills . | . . . . . . Critical Parts Destroyed 1 | . . . . 1 . Melee Attacks . | . . . . . . Impact . | . . . . . . Slashing . | . . . . . . Piercing . | . . . . . . Sneak Attacks . | . . . . . . Combat Hostiles . | . . . . . . Follow-up Attacks . | . . . . . . Damage Inflicted 3305 | . 362 483 . 1744 716 Guns 1529 | . 228 302 . 999 . Cannons . | . . . . . . Explosions 1766 | . 134 181 . 745 706 Melee . | . . . . . . Ramming 10 | . . . . . 10 Kinetic 534 | . . 176 . 358 . Thermal 978 | . 134 242 . 490 112 Explosive 918 | . . . . 451 467 Electromagnetic 865 | . 228 65 . 445 127 Impact . | . . . . . . Slashing . | . . . . . . Piercing . | . . . . . . Highest Corruption 2 | . . . . . 2 Average Corruption 1 | . . . . . 1 Corruption Purged . | . . . . . . Overload Shots . | . . . . . . Overflow Damage 15 | . . . . 9 6 Projectiles . | . . . . . . Explosions 15 | . . . . 9 6 Melee . | . . . . . . Knockbacks . | . . . . . . Impact . | . . . . . . Kinetic . | . . . . . . Secondary . | . . . . . . Self-Inflicted Damage 257 | . 48 29 . 56 124 Shots 13 | . 2 1 . 3 7 Rammed 3 | . . . . . 3 Targets Rammed 3 | . . . . . 3 Kicked . | . . . . . . Crushed . | . . . . . . Highest Temperature 240 | . 72 240 . 216 27 Average Temperature 62 | . 30 87 . 62 9 Received Heat Transfer 858 | . 78 156 . 192 432 Siege Activations . | . . . . . . Robots Corrupted . | . . . . . . Combat Hostiles . | . . . . . . Parts Fried 3 | . . . . 2 1 Impact Corruptions . | . . . . . . Robots Melted . | . . . . . . Combat Hostiles . | . . . . . . Parts Melted 1 | . . . . 1 . Heat Transferred 1736 | . 100 398 . 1138 100 Parts Sabotaged . | . . . . . . Parts Stolen . | . . . . . . Parts Stripped . | . . . . . . Power Chain Reactions 5 | . 2 . . 2 1 Missiles Intercepted . | . . . . . . Alert | -11 -10 -10 -9 -9 -8 ------- Run | Scr Mat Min Mat Sto Mat Peak Influence 497 | . 255 331 50 286 497 Initial 99 | . . 99 50 20 57 Average 173 | . 156 243 50 134 224 Maximum Alert Level 2 | . 1 1 . 1 2 Low Security (%) 58 | 100 56 32 100 76 42 Level 1 38 | . 43 67 . 23 47 Level 2 2 | . . . . . 9 Level 3 . | . . . . . . Level 4 . | . . . . . . Level 5 . | . . . . . . High Security . | . . . . . . Max Security . | . . . . . . Squads Dispatched 7 | . 3 . . 2 2 Investigation 1 | . . . . 1 . Extermination . | . . . . . . Reinforcement 6 | . 3 . . 1 2 Assault . | . . . . . . Garrison . | . . . . . . Intercept . | . . . . . . Construction Impeded . | . . . . . . Haulers Reinforced . | . . . . . . Stealth | -11 -10 -10 -9 -9 -8 --------- Run | Scr Mat Min Mat Sto Mat Distress Signals 5 | . 1 . . 2 2 Communications Jammed . | . . . . . . Distress Signals . | . . . . . . Times Spotted 75 | . 15 10 . 19 31 Peak Tracking Total 14 | . 6 3 . 4 14 Tactical Retreats 8 | . . 4 . 1 3 Traps | -11 -10 -10 -9 -9 -8 ------- Run | Scr Mat Min Mat Sto Mat Traps Triggered 1 | . . . . 1 . Indirectly . | . . . . . . Trap Hack Attempts . | . . . . . . Triggered . | . . . . . . Disarmed . | . . . . . . Reprogrammed . | . . . . . . Reused . | . . . . . . Traps Extracted . | . . . . . . Installed . | . . . . . . Triggered . | . . . . . . Machines | -11 -10 -10 -9 -9 -8 ---------- Run | Scr Mat Min Mat Sto Mat Machines Disabled 16 | . . 7 . 1 8 Max in Single Turn 6 | . . 6 . 1 2 Machines Sabotaged . | . . . . . . Garrisons Compromised . | . . . . . . Overloaded Fab Kills . | . . . . . . Fab Network Shutdowns . | . . . . . . Hacking | -11 -10 -10 -9 -9 -8 --------- Run | Scr Mat Min Mat Sto Mat Machines Accessed 8 | . . 1 . 4 3 Terminals 6 | . . . . 3 3 Fabricators . | . . . . . . Repair Stations . | . . . . . . Recycling Units 1 | . . . . 1 . Scanalyzers . | . . . . . . Garrison Access . | . . . . . . Total Hacks 20 | . . 1 . 9 10 Successful 14 | . . 1 . 3 10 Failed 6 | . . . . 6 . Catastrophic 2 | . . . . 2 . Database Lockouts . | . . . . . . Manual . | . . . . . . Terminals 18 | . . . . 8 10 Fabricators . | . . . . . . Repair Stations . | . . . . . . Recycling Units 1 | . . . . 1 . Scanalyzers . | . . . . . . Garrison Access . | . . . . . . Terminal Hacks 13 | . . 1 . 2 10 Record 6 | . . . . . 6 Open Door 1 | . . 1 . . . Alert Level 2 | . . . . . 2 Unreport Threat 1 | . . . . . 1 Locate Traps 1 | . . . . 1 . Zone Layout 2 | . . . . 1 1 Fabricator Hacks . | . . . . . . Repair Station Hacks . | . . . . . . Recycling Unit Hacks 1 | . . . . 1 . Report Inventory 1 | . . . . 1 . Scanalyzer . | . . . . . . Garrison Access Hacks . | . . . . . . Unauthorized Hacks . | . . . . . . Terminals . | . . . . . . Fabricators . | . . . . . . Repair Stations . | . . . . . . Recycling Units . | . . . . . . Scanalyzers . | . . . . . . Garrison Access . | . . . . . . Data Cores Recovered . | . . . . . . Used . | . . . . . . Hacking Detections 6 | . . . . 3 3 Full Trace Events 1 | . . . . 1 . Feedback Events . | . . . . . . Feedback Blocked . | . . . . . . Robot Schematics Acquired . | . . . . . . Robots Built . | . . . . . . Matter . | . . . . . . Time . | . . . . . . Total Robot Build Rating . | . . . . . . Part Schematics Acquired . | . . . . . . Parts Built . | . . . . . . Matter . | . . . . . . Time . | . . . . . . Total Part Build Rating . | . . . . . . Parts Repaired . | . . . . . . Time . | . . . . . . Parts Recycled . | . . . . . . Recycled Matter . | . . . . . . Retrieved Matter . | . . . . . . Retrieved Components . | . . . . . . Parts Scanalyzed . | . . . . . . Part Schematics Acquired . | . . . . . . Parts Damaged . | . . . . . . Bothacking | -11 -10 -10 -9 -9 -8 ------------ Run | Scr Mat Min Mat Sto Mat Used RIF Installer . | . . . . . . Robots Hacked . | . . . . . . Non-combat . | . . . . . . Combat . | . . . . . . Robot Hacks Applied . | . . . . . . Relay Couplers Released . | . . . . . . Robots Rewired . | . . . . . . Allies Hacked . | . . . . . . Hacks Repelled . | . . . . . . Allies | -11 -10 -10 -9 -9 -8 -------- Run | Scr Mat Min Mat Sto Mat Total Allies . | . . . . . . Largest Group . | . . . . . . Highest-Rated Group . | . . . . . . Highest-Rated Ally . | . . . . . . Total Orders . | . . . . . . Ally Attacks . | . . . . . . Total Damage . | . . . . . . Kills . | . . . . . . Allies Corrupted . | . . . . . . Allies Melted . | . . . . . . Intel | -11 -10 -10 -9 -9 -8 ------- Run | Scr Mat Min Mat Sto Mat Robot Analysis Total . | . . . . . . Derelict Logs Recovered 1 | . . 1 . . . Drone Launches 56 | . . 12 . 24 20 Drone Recoveries 52 | . . 4 . 27 21 Exploration | -11 -10 -10 -9 -9 -8 ------------- Run | Scr Mat Min Mat Sto Mat Turns Passed 2360 | 137 240 464 56 809 654 Spaces Moved 1208 | 58 139 288 37 412 274 Core 18 | 6 . . . . 12 Treads 295 | 52 36 . . . 207 Legs 895 | . 103 288 37 412 55 Wheels . | . . . . . . Hover . | . . . . . . Flight . | . . . . . . Fastest Speed 50 | 50 120 120 150 120 50 Average Speed 142 | 148 130 135 150 140 158 Slowest Speed 250 | 160 160 150 150 150 250 Overloaded Moves . | . . . . . . Propulsion Burnouts . | . . . . . . Robots Hopped . | . . . . . . Cave-ins Triggered . | . . . . . . Exploration Rate (%) 31 | 5 23 62 6 62 30 Regions Visited 5 Branch Regions 2 Pre-discovered Areas 1 | . . 1 . . . Known Exits Taken 2 | . . 1 1 . . Unknown Exits Taken 3 | 1 1 . . 1 . Scrap Searched . | . . . . . . Spaces Dug 7 | . . . . . 7 Terrain Destroyed 206 | . 3 39 . 67 97 Melee . | . . . . . . Projectile 6 | . . 4 . 2 . AOE 200 | . 3 35 . 65 97 Terrain Rammed . | . . . . . . Walls Destroyed . | . . . . . . Machines Disabled . | . . . . . . Actions | -11 -10 -10 -9 -9 -8 --------- Run | Scr Mat Min Mat Sto Mat Total 1676 | 109 171 328 38 554 476 Wait 275 | 36 . 9 . 64 166 Move 1203 | 57 138 287 36 411 274 Hop . | . . . . . . Pick Up 36 | 10 8 3 1 8 6 Fast Attach 1 | . . 1 . . . Attach 22 | 6 3 . 1 7 5 Detach 1 | . . . . 1 . Swap 12 | . 3 4 . 3 2 Drop 16 | . 3 6 . 5 2 Fire 107 | . 16 18 . 55 18 Melee . | . . . . . . Ram 3 | . . . . . 3 Kick . | . . . . . . Crush . | . . . . . . Escape Stasis . | . . . . . . Rewire . | . . . . . . Trap . | . . . . . . Miscellaneous . | . . . . . . Route ------- -11/Scrapyard -10/Materials -10/Mines -9/Materials -9/Storage -8/Materials History --------- Turn | Location | Event 9 | -11/Scrapyard | Discovered new exit (range 14) 138 | -11/Scrapyard | Entered Materials 306 | -10/Materials | Build established: Mutant 359 | -10/Materials | Discovered new exit (range 15) 378 | -10/Materials | Entered Mines 419 | -10/Mines | A weapon hastily lodged in a ceiling crevice suddenly fell to the ground 608 | -10/Mines | Found the Drone Emporium 616 | -10/Mines | Found Prototype Device 617 | -10/Mines | Identified Sensor Drone Bay 681 | -10/Mines | Learned location of Zion (-7) 830 | -10/Mines | Discovered new exit (range 5) 835 | -10/Mines | Identified exit to Materials 842 | -10/Mines | Entered Materials 842 | -9/Materials | Accompanied by 7 allies 842 | -9/Materials | Evolved 2 slots: Propulsion x1, Utility x1 885 | -9/Materials | Discovered new exit (range 5) 892 | -9/Materials | Identified exit to Storage 898 | -9/Materials | Entered Storage 898 | -9/Storage | Accompanied by 7 allies 1504 | -9/Storage | Build established: Scavenger-Mutant 1694 | -9/Storage | Discovered new exit (range 12) 1707 | -9/Storage | Entered Materials 1707 | -8/Materials | Accompanied by 1 ally 1707 | -8/Materials | Evolved 2 slots: Power x1, Weapon x1 1890 | -8/Materials | Build established: Mutant 2352 | -8/Materials | Core integrity fell below 50% 2356 | -8/Materials | Core integrity fell below 20% 2361 | -8/Materials | Destroyed by G-47 Trooper with Particle Gun Last Messages --------------- U-05 Engineer builds a Wall. C-30 ARC bursts open, deploying its payload. S-10 Pest unfolds itself. Penetrated by Slug. K-01 Serf collects debris. Lgt. Deuterium Engine destroyed. Aluminum Leg destroyed. S-10 Pest destroyed. Slug penetrates Wall. Penetrated by Slug. Sensor Drone Bay destroyed. Adv. Sensor Array destroyed. Adv. Treads destroyed. Hvy. Deuterium Engine destroyed. Sml. Storage Unit destroyed. System corrupted by crushing effect (+1). Slammed into B-36 Bruiser. Destabilizing: Core damaged (-11). Slammed into B-36 Bruiser. Slammed into G-47 Trooper. Map ----- +----------------------------------------------------+ | | | | | | | | | | | | | | | | | | | | | ???????????????????????????????????????????####### | | ????????????????????????????????####???????# | | ???????????????????????????????## #??????# | | ???????????????????????????????# #??????# | | ???????????????????????????????# #??????# | | ???????????????????????????????# #############+ | | ?????????????+##########???????# + | | ????????????? ???????# ############## | | ???????????? #############?????######?# | | ???????????????? g #?##### # | | ??????????????????????# g #? # # | | ??????????????????????# #? # !** + | | ??????????????????????# s #? + !** # | | ??????????????????????# ##### #? ?# !** # | | ??????????????????????# #???# #? ?# ?# | | ??????????????????????# @ #???# #?# #?######?# | | ??????????????????????# #???# #?# #????????# | | ??????????????????????# #???# ### #????????# | | ??????????????????????# #???# #??????### | | ??????????????????????# ##+#???# ####???# | | ??????????????????????# ???????# ##### | | ??????????????????????# ???????# = | | ??????????????????????# ???????# %= | | ??????????????????????# ???????# [ | | ??????????????????????#????????# ##### | | ???????????????????????????????######## #???# | | ??????????????????????????????????????# #??#### | | ??????????????????????????????????????# #?? | | ??????????????????????????????????????# # | | ??????????????????????????????????????# # | | ??????????????????????????????????????# ## % | | ??????????????????????????????????????# ! | | ???????????????????????????# ????????# ###[ | | ??????????????????????????## ###???# # | | ??????????????????????????# ###### # | | ??????????????????????????# # | | ??????????????????????????+ T % + " | | ??????????????????????????# % # | | ??????????????????????????# # #### # "" | | ??????????????????????????### ### ???# # """ ! | +----------------------------------------------------+ Best States ------------- Heat Dissipation 31 Energy Generation 27 Energy Capacity 400 Matter Stores 300 Matter Capacity 300 Sight Range 16 Robot Scan Range 16 Terrain Scan Density 10 Evasion (%) 50 Recoil Reduction 2 Item Schematics ----------------- None Robot Schematics ------------------ None Fabricated ------------ Nothing Alien Tech Used ----------------- None Achievements -------------- Backstab Release The Drones! Challenges ------------ None Game ------ Seed ReactionPropulsionRigger Manual? 0 Play Time 00:33:57 Cumulative 9.4 hours Start 2020.09.28 @ 04:57:43 End 2020.09.28 @ 05:29:02 Sessions 1 Manual Loads 0 Difficulty Rogue Special Mode None Game No. 14 Rogue 10 Adventurer 4 Explorer 0 Win Type - Total 0 Types 0/0/0/0/0/0/0/0/0 Lore% 10 Gallery% 15 Achievement% 12 Wizard Run 0 Options --------- ASCII 0 Keyboard 0 Movement Mouse Keybinds 0 Fullscreen 2 Font 18/SmallcapsGlow Map View 76x50 Tactical HUD 0 Map Filters NONE Filters NONE Steam 1 RUN: b982f6f5-38f8-475e-8fbb-564b6fde9b02